 Dungeon Crawl Stone Soup version 0.28-a0-1235-g7c8fac35f0 (webtiles) character file.

Game seed: 7704409959031415852

1985 Zonian the Ducker (level 9, -3/55 HPs)
             Began as a Djinni Fire Elementalist on Dec 25, 2021.
             Was a Believer of Nemelex Xobeh.
             Slain by a centaur (10 damage)
             ... on level 8 of the Dungeon.
             The game lasted 00:23:58 (14698 turns).

Zonian the Ducker (Djinni Fire Elementalist)       Turns: 14698, Time: 00:23:59

Health: -3/55      AC: 11    Str:  7    XL:     9   Next: 44%
Gold:   375        EV: 16    Int: 18    God:    Nemelex Xobeh [**....] SH:  0 Dex: 17

rFire   + + +      SeeInvis .   l - +0 dagger (flame)
rCold   x . .      Faith    .   (no shield)
rNeg    . . .      Spirit   .   a - +1 robe
rPois   ∞          Reflect  .   (no helmet)
rElec   .          Harm     .   e - +2 cloak {rCorr}
rCorr   +          Rampage  .   y - +0 pair of gloves
Will    .....                   (boots unavailable)
Stlth   ++++......              (no amulet)
HPRegen 0.18/turn               g - +4 ring of protection
MPRegen 0.00/turn               z - ring of protection from fire

@: flying, studying Stealth
A: sickness immunity, fire resistance 2, cold vulnerability 1, float, innate
caster, hp casting, extra vitality 1
a: Renounce Religion, Draw Escape, Draw Destruction, Draw Summoning


You were on level 8 of the Dungeon.
You worshipped Nemelex Xobeh.
Nemelex Xobeh was pleased with you.
You visited 2 branches of the dungeon, and saw 9 of its levels.
You also visited: Ossuary.

You collected 375 gold pieces.

Inventory:

Hand Weapons
 b - a +0 dagger
 d - a +0 short sword
 l - a +0 dagger of flaming (weapon)
 B - a +2 vampiric spear
Missiles
 n - 16 poisoned darts
 u - 16 sling bullets
 A - 5 boomerangs
Armour
 a - a +1 robe (worn)
 e - a +2 cloak of preservation (worn)
 y - a +0 pair of gloves (worn)
Jewellery
 g - a +4 ring of protection (left hand)
 z - a ring of protection from fire (right hand)
Wands
 i - a wand of iceblast (20)
 x - a wand of flame (25)
Scrolls
 p - a scroll of enchant armour
 r - a scroll of fog
 s - a scroll of immolation
 v - 2 scrolls of fear
 w - a scroll of magic mapping {unknown}
Potions
 c - a potion of magic
 f - 2 potions of might {unknown}
 h - a potion of haste
 j - a potion of lignification {unknown}
 k - 3 potions of degeneration {unknown}
 m - 2 potions of curing
 o - 3 potions of attraction {unknown}
 q - 2 potions of flight {unknown}
 t - a potion of ambrosia {unknown}


   Skills:
 + Level 1.4 Short Blades
 + Level 7.4 Dodging
 + Level 7.2 Stealth
 + Level 5.5 Spellcasting
 - Level 2.1 Invocations


You couldn't memorise any spells.
You knew the following spells:

 Your Spells              Type           Power      Damage    Failure   Level
a - Foxfire               Conj/Fire      100%       2x1d9     1%          1
b - Scorch                Fire           50%        2d8       1%          2
c - Conjure Flame         Conj/Fire      25%        6-21      3%          3
d - Inner Flame           Hex/Fire       25%        N/A       3%          3
e - Flame Wave            Conj/Fire      25%        2d6       13%         4
f - Sting                 Tmut/Pois      100%       1d8       1%          1
g - Blink                 Tloc           50%        N/A       1%          2
h - Static Discharge      Conj/Air       25%        N/A       1%          2
i - Stone Arrow           Conj/Erth      50%        3d10      3%          3
Your spell library was empty.

Dungeon Overview and Level Annotations

Branches:
Dungeon (8/15)             Temple (1/1) D:4         Ossuary (visited)
   Lair: D:8-11

Altars:
Ashenzari
Cheibriados
Dithmenos
Elyvilon
Fedhas
Gozag
Hepliaklqana
Kikubaaqudgha
Makhleb
Nemelex Xobeh
Okawaru
Qazlal
Ru
Sif Muna
Trog
Vehumet
Wu Jian
Xom
Yredelemnul
Zin
The Shining One

Shops:
D:1 :

Annotations:
D:4 Dowan, Duvessa
D:8 Maurice, Prince Ribbit


Innate Abilities, Weirdness & Mutations

You are immune to sickness and miasma.
You are immune to poison.
Your flesh is very heat resistant. (rF++)
You are vulnerable to cold. (rC-)
You float through the air rather than walking.
You learn spells naturally, not from books.
Your magical power is your life essence.
You have superior vitality. (+4 MHP)


Message History

The orc warrior closely misses you.
Unknown command.
Casting: Scorch (safe; 1% risk of failure)
Confirm with . or Enter, or press ? or * to list all spells.
Flames lash the orc warrior but do no damage.
Prince Ribbit is no longer more vulnerable to fire.
The orc warrior completely misses you.
Unknown command.
You barely miss the orc warrior.
The orc warrior is moderately wounded.
The orc warrior hits you with a +0 flail.
Unknown command.
Casting: Scorch (safe; 1% risk of failure)
Confirm with . or Enter, or press ? or * to list all spells.
Flames lash Prince Ribbit.
Prince Ribbit is moderately wounded.
Prince Ribbit's fire resistance burns away.
The orc warrior hits you but does no damage.
Unknown command.
Okay, then.
You draw a card...
You have drawn Degeneration.
The orc warrior evaporates and reforms as a centaur!
The centaur twists and deforms.
Prince Ribbit evaporates and reforms as a rime drake!
Prince Ribbit twists and deforms.
The centaur picks up a +0 flail.
The centaur wields a +0 flail.
Unknown command.
The centaur hits you with a +0 flail.
The centaur kicks you but does no damage.
The centaur closely misses you. The centaur misses you.
The centaur hits you with a +0 flail!
* * * LOW HITPOINT WARNING * * *
The centaur barely misses you. The centaur hits you with a +0 flail!
* * * LOW HITPOINT WARNING * * *
The centaur barely misses you.
There is a stone staircase leading up here.
The centaur hits you with a +0 flail!
You die...
Your body disappears without a glow.

#.# #.#..Z..#
#.# #.#.....#
..#
#######.###.###
#..k.[.........
#.#####......##
#........###.#
#.#........# #
#.#k##...#.....
#...c@...###.#.
#.#..#.#.# #
#......#.#
####.###.. ...
### ##.# #.#
#..


You could see Prince Ribbit the rime drake (misshapen) and a centaur
(misshapen).

Vanquished Creatures
  Grinder (D:4)
  An orc warrior (D:6)
  A sky beast (D:4)
  Pargi (D:3)
  A black bear (D:7)
  A centaur (D:7)
  A bullfrog (D:6)
  An elf zombie (Ossuary)
  3 scorpions
  A wyvern zombie (D:5)
  A water moccasin skeleton (D:6)
  3 killer bees
  5 wights (D:8)
  4 centaur zombies
  A hound (D:7)
  A centaur skeleton (D:4)
  A jelly (D:7)
  An orc priest (D:4)
  An iguana (D:7)
  Ijyb (D:3)
  Natasha (thrice) (D:3)
  2 mummies (Ossuary)
  2 howler monkey zombies
  3 adders
  4 gnolls (D:7)
  A howler monkey skeleton (D:6)
  3 white imps
  4 adder zombies (Ossuary)
  14 orcs
  3 bats
  6 endoplasms
  4 giant cockroaches
  5 goblins
  4 hobgoblins
  2 jackals (D:3)
  5 kobolds
  2 quokkas (D:1)
  7 ball pythons
  6 frilled lizards
  9 hobgoblin zombies (Ossuary)
  A jackal zombie (Ossuary)
  6 kobold zombies (Ossuary)
  10 orc zombies (Ossuary)
  4 rats
  2 rat zombies (Ossuary)
143 creatures vanquished.

Vanquished Creatures (others)
  228 foxfires
  2 plants (D:1)
230 creatures vanquished.

Grand Total: 373 creatures vanquished

Notes
Turn   | Place    | Note
-------+----------+-------------------------------------------
     0 | D:1      | Zonian the Djinni Fire Elementalist began the quest for the
                  | Orb.
     0 | D:1      | Reached XP level 1. HP: 15/15 MP: 0/0
   552 | D:1      | Reached XP level 2. HP: 18/21 MP: 0/0
  1292 | D:1      | Reached XP level 3. HP: 18/25 MP: 0/0
  1292 | D:1      | Learned a level 1 spell: Sting
  1902 | D:1      | Found Cielifih's Book Boutique.
  2673 | D:2      | Found a faded altar of an unknown god.
  2897 | D:2      | You are sucked into a shaft and drop 1 floor!
  2913 | D:3      | Reached XP level 4. HP: 22/31 MP: 0/0
  3091 | D:3      | Noticed Natasha
  3376 | D:3      | Found an ornate altar of the Wu Jian Council.
  3602 | D:3      | Killed Natasha
  3946 | D:3      | Reached XP level 5. HP: 35/35 MP: 0/0
  3946 | D:3      | Learned a level 2 spell: Blink
  3988 | D:3      | Identified a scroll of acquirement
  3988 | D:3      | Acquired a +2 cloak of preservation
  4008 | D:3      | Noticed Natasha
  4014 | D:3      | Killed Natasha
  4026 | D:3      | Noticed Natasha
  4046 | D:3      | Killed Natasha
  4527 | D:3      | Noticed Pargi
  4530 | D:3      | Killed Pargi
  4531 | D:3      | Reached XP level 6. HP: 33/40 MP: 0/0
  4692 | D:3      | Noticed Ijyb
  5187 | D:3      | Killed Ijyb
  5591 | D:4      | Noticed Grinder
  5621 | D:4      | Noticed an ogre
  5963 | D:4      | Found a staircase to the Ecumenical Temple.
  6355 | Temple   | Entered the Ecumenical Temple
  6362 | Temple   | Became a worshipper of Nemelex Xobeh the Trickster
  6443 | D:4      | Noticed a sky beast
  6495 | D:4      | Killed a sky beast
  6496 | D:4      | Reached XP level 7. HP: 16/45 MP: 0/0
  6496 | D:4      | Learned a level 2 spell: Static Discharge
  6851 | D:4      | Killed Grinder
  6852 | D:4      | Reached skill level 5 in Dodging
  6958 | D:4      | Noticed Dowan
  6984 | D:4      | Noticed Duvessa
  7184 | D:5      | Entered Level 5 of the Dungeon
  7272 | D:5      | Reached XP level 8. HP: 22/50 MP: 0/0
  7356 | D:5      | Found a sand-covered staircase.
  7361 | Ossuary  | Entered an ossuary
  8178 | Ossuary  | Reached skill level 1 in Invocations
  9379 | D:5      | Reached skill level 5 in Stealth
  9480 | D:5      | Reached * piety under Nemelex Xobeh
  9915 | D:6      | Received a gift from Nemelex Xobeh
 11676 | D:7      | Reached ** piety under Nemelex Xobeh
 12035 | D:6      | Reached skill level 5 in Spellcasting
 12515 | D:7      | Reached XP level 9. HP: 43/55 MP: 0/0
 12515 | D:7      | Learned a level 3 spell: Stone Arrow
 13772 | D:7      | Received a gift from Nemelex Xobeh
 14019 | D:8      | Noticed Maurice
 14056 | D:8      | Reached skill level 1 in Short Blades
 14673 | D:8      | Noticed Prince Ribbit
 14689 | D:8      | Noticed Prince Ribbit
 14689 | D:8      | Prince Ribbit changed into Prince Ribbit the rime drake
 14698 | D:8      | Slain by a centaur

Illustrated notes

Levels and vault maps discovered:
D:1:      sevenhm_arrival_forest_fort_large_4, layout_basic, serial_shops,
          shop_statue, hangedman_abyss_or_decor_lesser_grid
D:2:      layout_basic, ebering_ecumenical_altar_mist
D:3:      layout_basic, grunt_temple_overflow_open, uniq_natasha, uniq_ijyb,
          uniq_pargi
D:4:      layout_basic, minmay_temple_entry_proselytizer, uniq_grinder,
          uniq_duvessa
D:5:      layout_loops_corners, nicolae_ossuary_entry_plus
D:6:      layout_basic
D:7:      layout_cave_pools
D:8:      layout_loops_corners, david_lair_shrubbed, serial_shops,
          nicolae_lakefront_shop, chequers_serial_rivers_room_a,
          minmay_misc_feat_hallway, st_stairs_3, minmay_misc_feat_four_crosses,
          uniq_maggie, uniq_maurice, uniq_prince_ribbit1
Temple:   nicolae_temple_no_exploring_needed

Skill      XL: |  1  2  3  4  5  6  7  8  9 |
---------------+----------------------------+-----
Stealth        | 2 3 4 6 7 |  7.2
Dodging        | 3 4 5 6 7 |  7.4
Spellcasting   | 3 4 5 |  5.5
Invocations    | 2 |  2.1
Short Blades   | 1 |  1.4

Action                   |  1- 3 |  4- 6 |  7- 9 || total
-------------------------+-------+-------+-------++-------
Melee: Dagger            |    71 |    52 |   247 ||   370
 Cast: Foxfire           |    45 |    34 |    50 ||   129
       Scorch            |       |    19 |    94 ||   113
       Blink             |       |     1 |       ||     1
Invok: Draw Destruction  |       |       |     1 ||     1
Evoke: Wand              |       |     2 |     4 ||     6
  Use: Scroll            |       |     6 |     8 ||    14
 Stab: Sleeping          |     1 |       |     8 ||     9
Armor: Robe              |    37 |    41 |   140 ||   218
Dodge: Dodged            |    77 |    58 |   314 ||   449

Table legend: (Time is in decaauts)
 A = Elapsed time spent in this place.
 B = Non-inter-level travel time spent in this place.
 C = Inter-level travel time spent in this place.
 D = Time resting spent in this place.
 E = Time spent auto-exploring this place.
 F = Levels seen in this place.
 G = Mean time per level.
                   A        B        C        D        E       F      G
               +--------+--------+--------+--------+--------+-----+--------+
         Total |  14699 |  14576 |    123 |   8299 |   3884 |  10 | 1469.9 |
       Dungeon |  12870 |  12747 |    123 |   6857 |   3884 |   8 | 1608.8 |
        Temple |     14 |     14 |      0 |      0 |      0 |   1 |   14.0 |
       Ossuary |   1814 |   1814 |      0 |   1442 |      0 |   1 | 1814.0 |
               +--------+--------+--------+--------+--------+-----+--------+

Top non-repeatable levels by time:
     D:6: 2521 daAuts
     D:1: 2044 daAuts
     D:3: 1982 daAuts
 Ossuary: 1814 daAuts
     D:4: 1654 daAuts
     D:7: 1557 daAuts
     D:2: 1488 daAuts
     D:5: 898 daAuts
     D:8: 723 daAuts
  Temple: 14 daAuts
